 Dungeon Crawl Stone Soup version 0.32-a0-791-gfc315c9ecd (webtiles) character file.

Game seed: 4501426329610238333

433 jasper the Changeling (level 6, 0/52 HPs)
             Began as a Minotaur Fighter on Mar 20, 2024.
             Succumbed to an orc wizard's poison
             ... on level 5 of the Dungeon.
             The game lasted 00:04:40 (2592 turns).

jasper the Changeling (Minotaur Fighter)            Turns: 2592, Time: 00:04:40

Health: 0/52       AC:  6    Str: 20    XL:     6   Next: 67%
Magic:  5/5        EV:  8    Int:  7    God:
Gold:   157        SH:  4    Dex: 10    Spells: 5/5 levels left

rFire   . .          .
                       - Unarmed
rCold   . . .        b - +0 buckler
rNeg    . . .        a - +0 scale mail
rPois   .            (helmet currently unavailable)
rElec   .            (cloak currently unavailable)
rCorr   .            (gloves currently unavailable)
SInv    .            (boots currently unavailable)
Will    .....        (no amulet) Stlth
                     (no ring)
HPRegen 0.28/turn    (no ring)
MPRegen 0.09/turn

%: no passive effects
@: lethally poisoned (0 -> -17), beast-form, hasted, very quick
A: beast (slay +2), horns 2, retaliatory headbutt
a: Begin Untransformation, Convert to Beogh


You were on level 5 of the Dungeon.
You were a hulking beast.
You visited 1 branch of the dungeon, and saw 5 of its levels.

You collected 157 gold pieces.

Inventory:

Missiles
 h - a throwing net
 j - 12 poisoned darts (quivered)
 m - 25 stones
Armour
 a - a +0 scale mail (worn)
 b - a +0 buckler (worn)
Jewellery
 e - a +6 ring of intelligence
Talismans
 k - a beast talisman (active)
Scrolls
 d - 2 scrolls of teleportation
 n - 2 scrolls of vulnerability
Potions
 f - a potion of attraction
 l - 3 potions of magic


   Skills:
 - Level 4.2 Fighting
 - Level 3.6 Armour
 - Level 4.1 Shields
 - Level 3.5 Unarmed Combat
 + Level 4.3 Shapeshifting


You had 5 spell levels left.
You didn't know any spells.
Your spell library contained the following spells:

 Spells                   Type           Power      Damage    Failure   Level
 Magic Dart               Conj           0%         1d3       85%         1
 Blink                    Tloc           0%         N/A       94%         2
 Call Imp                 Summ           0%         N/A       94%         2
 Gell's Gravitas          Tloc           0%         N/A       99%         3
 Teleport Other           Tloc           0%         N/A       99%         3
 Dispersal                Tloc           0%         N/A       100%        6


Dungeon Overview and Level Annotations

Branches:
Dungeon (5/15)
 Temple: D:4-7

Altars:
Qazlal
Wu Jian

Annotations:
D:4 Blork the orc


Innate Abilities, Weirdness & Mutations

You are a hulking beast.
Your limbs bulge with bestial killing power. (Slay +2)
You have a pair of horns on your head.
You reflexively headbutt those who attack you in melee.


Message History

You bump into the rock wall.
You feel less confused.
You feel very sick.
You take 4 damage, and have 24/52 hp.
The orc priest shouts, "Beogh offers mercy even to people such as you.
Join us and be reborn!"
You hit the orc priest.
You kill the orc priest!
You feel very sick. Something hits you.
You are lethally poisoned!
The orc hits you with a +0 dagger.
You take 7 damage, and have 17/52 hp.
* * * LOW HITPOINT WARNING * * *
You feel very sick.
You hear some strange, mumbled words.
Something tries to affect you, but you resist.
The orc priest threatens, "Beogh's wrath is as vast as their mercy.
Make your choice!"
Things that are here:
a +0 hand axe; a +0 ring mail; an orc corpse You take 3 damage, and have 14/52 hp.
* * * LOW HITPOINT WARNING * * *
You feel very sick. The orc hits you with a +0 dagger.
* * * LOW HITPOINT WARNING * * *
The orc priest looks braver for a moment.
You take 5 damage, and have 9/52 hp.
You barely miss the orc.
The orc is moderately wounded.
* * * LOW HITPOINT WARNING * * *
You feel very sick. You block the orc's attack.
You take 4 damage, and have 5/52 hp.
You hit the orc but do no damage.
The orc is moderately wounded.
* * * LOW HITPOINT WARNING * * *
You feel sick.
You take 2 damage, and have 3/52 hp.
You hit the orc but do no damage. You headbutt the orc, but do no damage.
The orc is moderately wounded.
You die...

#.<..!..#.(##+###
+.......#.......#
#.......+.......#
#.......#.......#
###.......#.......#
#.........#.......#
#.........#o......#
#......<.?oh......#
#.........#)......+
+.........#.......#
#.........#.......#
#.........##+###+##
.......#### .......
.......


You could see an orc priest and an orc.

Vanquished Creatures
  Grinder (D:3)
  A sky beast (D:3)
  An orc priest (D:5)
  An iguana (D:3)
  4 adders
  2 ribbon worms
  5 dart slugs
  An orc (D:5)
  3 ball pythons
  12 bats
  7 endoplasms
  2 giant cockroaches (D:1)
  4 goblins
  4 hobgoblins
  3 kobolds
  A quokka (D:1)
  5 frilled lizards
  4 rats
61 creatures vanquished.

Notes
Turn   | Place    | Note
-------+----------+-------------------------------------------
     0 | D:1      | jasper the Minotaur Fighter began the quest for the Orb.
     0 | D:1      | Reached XP level 1. HP: 19/19 MP: 0/0
   127 | D:1      | Reached XP level 2. HP: 27/27 MP: 1/1
   628 | D:2      | Reached XP level 3. HP: 33/33 MP: 2/2
  1109 | D:2      | Reached XP level 4. HP: 40/40 MP: 3/3
  1121 | D:2      | Reached skill level 1 in Shapeshifting
  1415 | D:3      | Noticed Grinder
  1428 | D:3      | Killed Grinder
  1429 | D:3      | Reached XP level 5. HP: 33/46 MP: 4/4
  1484 | D:3      | Found a stormy altar of Qazlal.
  1484 | D:3      | Noticed a sky beast
  1514 | D:3      | Killed a sky beast
  1515 | D:3      | Reached XP level 6. HP: 15/52 MP: 5/5
  1817 | D:3      | Found an ornate altar of the Wu Jian Council.
  2445 | D:4      | Noticed Blork the orc
  2566 | D:5      | Entered Level 5 of the Dungeon
  2592 | D:5      | Succumbed to an orc wizard's poison

Illustrated notes

Levels and vault maps discovered:
D:1:      reono_arrival_forest_river, layout_basic
D:2:      layout_loops_cross, minmay_misc_feat_more_columns, corexii_shack,
          minmay_door_square
D:3:      layout_basic, mainiacjoe_overflow_alcove_4,
          nicolae_qazlal_beasts_of_the_sky, uniq_grinder
D:4:      layout_loops_ring, mainiacjoe_overflow_brackets, uniq_duvessa,
          uniq_blork_the_orc, uniq_robin
D:5:      wad_crossroads, layout_gridville, uniq_menkaure, uniq_edmund

Skill      XL: |  1  2  3  4  5  6 |
---------------+-------------------+-----
Unarmed Combat | 3 |  3.5
Fighting       | 4 |  4.2
Shields        | 4 |  4.1
Shapeshifting  | 3 4 |  4.3
Armour         | |  3.6

Action                     |  1- 3 |  4- 6 || total
---------------------------+-------+-------++-------
  Melee: Unarmed           |    89 |    74 ||   163
         Headbutt          |    11 |    19 ||    30
  Throw: Dart              |     2 |     1 ||     3
    Use: Potion            |       |     3 ||     3
         Scroll            |       |     7 ||     7
 Armour: Scale mail        |    59 |    68 ||   127
  Dodge: Dodged            |    29 |    22 ||    51
  Block: Buckler           |    23 |    15 ||    38
   Form: Beast             |     1 |       ||     1

Table legend: (Time is in decaauts)
 A = Elapsed time spent in this place.
 B = Non-inter-level travel time spent in this place.
 C = Inter-level travel time spent in this place.
 D = Time resting spent in this place.
 E = Time spent auto-exploring this place.
 F = Levels seen in this place.
 G = Mean time per level.
                   A        B        C        D        E       F      G
               +--------+--------+--------+--------+--------+-----+--------+
         Total |   2585 |   2377 |    208 |     40 |   1817 |   5 |  517.0 |
       Dungeon |   2585 |   2377 |    208 |     40 |   1817 |   5 |  517.0 |
               +--------+--------+--------+--------+--------+-----+--------+

Top non-repeatable levels by time:
     D:3: 1079 daAuts
     D:2: 784 daAuts
     D:1: 624 daAuts
     D:4: 76 daAuts
     D:5: 21 daAuts
